 Dungeon Sprint DCSS version 0.29-a0-468-ge57f7f99b4 (webtiles) character file.

Game seed: 8295431977391001782

3047 mhtbhm the Impaler (level 9, -10/84 HPs)
             Began as a Merfolk Berserker on May 21, 2022.
             Was an Elder of Trog.
             Mangled by an orc knight
             ... wielding a +0 great mace
              (26 damage)
             ... in the Dungeon (Sprint III: "The Ten Rune Challenge").
             The game lasted 00:02:47 (1546 turns).

mhtbhm the Impaler (Merfolk Berserker)              Turns: 1546, Time: 00:02:48

Health: -10/84     AC:  7    Str: 21    XL:     9   Next: 87%
Magic:  3/3        EV: 15    Int:  7    God:    Trog [****..]
Gold:   41         SH:  0    Dex: 13    Spells: 8/8 levels left

rFire   . . .      SeeInvis .   a - +4 halberd (antimagic)
rCold   . . .      Faith    .   (shield currently unavailable)
rNeg    . . .      Spirit   .   b - +0 ring mail
rPois   .          Reflect  .   (no helmet)
rElec   .          Harm     .   (no cloak)
rCorr   .          Rampage  .   (no gloves)
Will    .....      NoTele   +   (no boots)
Stlth   ++........              (no amulet)
HPRegen 0.24/turn               (no ring)
MPRegen 0.08/turn               (no ring)

@: on berserk cooldown, slowed, very slow
A: (nimble swimmer 2), mertail
a: Renounce Religion, Berserk, Trog's Hand, Brothers in Arms


You were in the Dungeon.
You worshipped Trog.
Trog was greatly pleased with you.
You visited 1 branch You collected 41 gold pieces.

Inventory:

Hand Weapons
 a - a +4 antimagic halberd (weapon)
Armour
 b - a +0 ring mail (worn)
Scrolls
 i - 2 scrolls of poison {unknown}
 j - 2 scrolls of identify
 l - a scroll of magic mapping {unknown}
Potions
 c - a potion of curing
 f - 3 potions of magic
 g - a potion of berserk rage
 k - 4 potions of flight
 m - 6 potions of mutation
Miscellaneous
 n - a phial of floods


   Skills:
 + Level 12.6 Fighting
 + Level 15.9 Polearms
 + Level 9.4 Armour
 + Level 10.6 Dodging
 + Level 5.4 Stealth
 + Level 2.5 Evocations


You had 8 spell levels left.
You didn't know any spells.
Your spell library was empty.

Dungeon Overview and Level Annotations

Branches:
Dungeon (1/1)

Altars:
Cheibriados
Dithmenos
Elyvilon
Fedhas
Gozag
Hepliaklqana
Kikubaaqudgha
Makhleb
Nemelex Xobeh
Okawaru
Qazlal
Ru
Sif Muna
Trog
Uskayaw
Vehumet
Wu Jian
Xom
Yredelemnul
Zin
The Shining One
Beogh
Jiyva
Lugonu


Innate Abilities, Weirdness & Mutations

((You are very nimble when in or above water. (Stealth+, EV+, Speed+++)))
Your lower body shifts to a powerful aquatic tail in water.


Message History

Something hits your ogre.
There is an open door to the Orcish Mines here.
Unknown command.
You hit the orc knight.
The orc knight is lightly wounded.
The orc no longer looks unusually strong. x3
Your ogre closely misses the orc knight.
The orc knight hits you with a +0 great mace!!
* * * LOW HITPOINT WARNING * * *
The orc complains noisily.
Something hits your ogre!
Unknown command.
The orc knight attacks as you move away!
The orc knight completely misses you.
Your ogre hits the orc knight with a +0 giant club!
The orc knight roars a battlecry!
The orcs go into a battle-frenzy!
Something hits your ogre.
Your ogre hits the orc knight with a +0 giant club!!
Something hits your ogre.
Your ogre dies!
Your ogre's corpse disappears in a puff of smoke!
Unknown command.
Blink to where?
Press: ? - help, Dir - move target
As you read the scroll of blinking, it crumbles to dust.
Your ogre goes berserk!
Unknown command.
You feel better.
The orc knight roars a battlecry!
Unknown command.
Press: ? - help, v - describe, . - travel
Here: an orc knight, wielding a +0 great mace and wearing a +0 chain mail (severely wounded, ally target)
An open door.
Unknown command.
You hit the orc knight but do no damage.
The orc knight is severely wounded.
Your ogre barely misses the orc knight.
The orc knight hits you with a +0 great mace!!
You die...

.♣♣♣♣.###'#)###)##oo......
♣..♣..#..........#ooo.oo..
≈..♣..'.⌠........#{##
≈≈≈♣♣.#...######'#$.#
≈≈....#.⌠.#__#...#'#####
≈.....#...#__#...#..≈≈§+
......#)###__#...#{#≈§§#
......#.:.#__#..Oo.#§§.#
......#___#__'..@#.#...#
▓▓▓▓▓▓▓▓▓▓▓▓▓▓▓▓▓▓▓▓▓▓▓▓


You could see an orc knight (ally target) and a friendly ogre (summoned,
berserk).

Vanquished Creatures
  Snorg (D)
  An orc high priest (D)
  A deep elf pyromancer (D)
  An orc sorcerer (D)
  A shadow (D)
  A spatial vortex (D)
  2 orc warriors (D)
  A necrophage (D)
  A water elemental (D)
  A jelly (D)
  An orc priest (D)
  Jessica (D)
  A wizard (D)
  A necromancer (D)
  3 humans (D)
  A kobold demonologist (D)
  A phantom (D)
  An orc (D)
  2 endoplasms (D)
  A rat (D)
24 creatures vanquished.

Vanquished Creatures (others)
  An orc (D)
1 creature vanquished.

Grand Total: 25 creatures vanquished

Notes
Turn   | Place    | Note
-------+----------+-------------------------------------------
     0 | D        | mhtbhm the Merfolk Berserker began the quest for the Orb.
     0 | D        | Reached XP level 1. HP: 18/18 MP: 1/1
    26 | D        | Noticed Jessica
    33 | D        | Killed Jessica
    33 | D        | Reached ** piety under Trog
    34 | D        | Reached skill level 5 in Fighting
    34 | D        | Reached skill level 6 in Polearms
    34 | D        | Reached XP level 2. HP: 18/27 MP: 2/2
    34 | D        | Reached XP level 3. HP: 22/33 MP: 3/3
   174 | D        | Reached skill level 7 in Polearms
   278 | D        | Noticed a water elemental
   283 | D        | Killed a water elemental
   283 | D        | Reached *** piety under Trog
   284 | D        | Reached skill level 8 in Polearms
   284 | D        | Reached skill level 1 in Stealth
   284 | D        | Reached XP level 4. HP: 41/41 MP: 4/4
   317 | D        | Found a basalt altar of Yredelemnul.
   317 | D        | Found a shadowy altar of Dithmenos.
   317 | D        | Found a sacrificial altar of Ru.
   317 | D        | Noticed a necrophage
   321 | D        | Reached XP level 5. HP: 44/48 MP: 5/5
   336 | D        | Reached skill level 9 in Polearms
   336 | D        | Reached skill level 5 in Dodging
   399 | D        | Found a hide-covered altar of Uskayaw.
   399 | D        | Found an iron altar of Okawaru.
   399 | D        | Found a bloodstained altar of Trog.
   399 | D        | Found an ornate altar of the Wu Jian Council.
   399 | D        | Noticed a human
   399 | D        | Noticed a human
   400 | D        | Found a glowing silver altar of Zin.
   400 | D        | Found a glowing golden altar of the Shining One.
   400 | D        | Found a white marble altar of Elyvilon.
   400 | D        | Noticed a deep elf pyromancer
   416 | D        | Killed a deep elf pyromancer
   416 | D        | Reached **** piety under Trog
   417 | D        | Reached skill level 10 in Fighting
   417 | D        | Reached skill level 12 in Polearms
   417 | D        | Reached skill level 5 in Armour
   417 | D        | Reached XP level 6. HP: 35/60 MP: 6/6
   417 | D        | Reached XP level 7. HP: 38/66 MP: 7/7
   420 | D        | Killed a human
   421 | D        | Reached skill level 13 in Polearms
   429 | D        | Killed a human
   430 | D        | Reached XP level 8. HP: 11/74 MP: 8/8
   728 | D        | Found a radiant altar of Vehumet.
   728 | D        | Found a shimmering blue altar of Sif Muna.
   728 | D        | Found an ancient bone altar of Kikubaaqudgha.
   745 | D        | Noticed an ice devil
   746 | D        | Reached ***** piety under Trog
  1015 | D        | Noticed a shadow
  1040 | D        | Killed a shadow
  1226 | D        | Found a blossoming altar of Fedhas.
  1226 | D        | Found a stormy altar of Qazlal.
  1226 | D        | Found a snail-covered altar of Cheibriados.
  1226 | D        | Found a burning altar of Makhleb.
  1226 | D        | Found a shimmering altar of Xom.
  1227 | D        | Found a hazy altar of Hepliaklqana.
  1227 | D        | Found an opulent altar of Gozag.
  1227 | D        | Found a sparkling altar of Nemelex Xobeh.
  1227 | D        | Found a corrupted altar of Lugonu.
  1227 | D        | Found a viscous altar of Jiyva.
  1244 | D        | Received a gift from Trog
  1245 | D        | Reached skill level 14 in Polearms
  1272 | D        | Noticed Snorg
  1322 | D        | Killed Snorg
  1323 | D        | Reached skill level 1 in Evocations
  1323 | D        | Reached XP level 9. HP: 57/82 MP: 3/9
  1507 | D        | Noticed an orc sorcerer
  1510 | D        | Noticed an orc high priest
  1510 | D        | Noticed an orc knight
  1511 | D        | Noticed a red devil
  1511 | D        | Noticed an orange demon
  1518 | D        | Reached skill level 15 in Polearms
  1523 | D        | Killed an orc sorcerer
  1524 | D        | Reached skill level 10 in Dodging
  1527 | D        | Killed an orc high priest
  1528 | D        | Reached skill level 5 in Stealth
  1546 | D        | Mangled by an orc knight

Illustrated notes

Levels and vault maps discovered:
D:        dungeon_sprint_mu [sprint_mu_entry_forest, sprint_mu_temple_rooms,
          sprint_mu_d1_horrors, sprint_mu_d2_genie, sprint_mu_d3_branching,
          sprint_mu_orc_legion, sprint_mu_elf_gauntlet, sprint_mu_hive_nellie,
          sprint_mu_lair_fedhas, sprint_mu_vaults_butterflies,
          sprint_mu_slime_circle, sprint_mu_swamp_cave, sprint_mu_shoals_kraken,
          sprint_mu_blade_basic, sprint_mu_crypt_fortress,
          sprint_mu_tomb_spiral, sprint_mu_vestibule_basic,
          sprint_mu_gehenna_hellfire, sprint_mu_dis_giant,
          sprint_mu_tartarus_statrot, sprint_mu_cocytus_islands, sprint_mu_zot1]

Skill      XL: |  1  2  3  4  5  6  7  8  9 |
---------------+----------------------------+-----
Fighting       | 5 6 7 10 11 12 | 12.6
Polearms       | 6 8 12 13 14 15 | 15.9
Armour         | 2 3 5 6 8 9 |  9.4
Dodging        | 3 4 7 8 9 10 | 10.6
Stealth        | 1 2 4 5 |  5.4
Evocations     | 1 2 |  2.5

Action                   |  1- 3 |  4- 6 |  7- 9 || total
-------------------------+-------+-------+-------++-------
Melee: Spear             |    34 |    33 |    84 ||   151
       Punch             |     1 |       |     2 ||     3
       Halberd           |       |       |    33 ||    33
       Tailslap          |       |       |     1 ||     1
Invok: Berserk           |     2 |     1 |     3 ||     6
       Brothers in Arms  |       |       |     2 ||     2
Evoke: Phial of floods   |       |       |     2 ||     2
  Use: Potion            |       |       |     3 ||     3
       Scroll            |       |       |     1 ||     1
 Stab: Sleeping          |     1 |       |     1 ||     2
Armor: Ring mail         |     3 |     2 |     5 ||    10
       Animal skin       |     1 |       |       ||     1
Dodge: Dodged            |    12 |     9 |    25 ||    46

Table legend: (Time is in decaauts)
 A = Elapsed time spent in this place.
 B = Non-inter-level travel time spent in this place.
 C = Inter-level travel time spent in this place.
 D = Time resting spent in this place.
 E = Time spent auto-exploring this place.
 F = Levels seen in this place.
 G = Mean time per level.
                   A        B        C        D        E       F      G
               +--------+--------+--------+--------+--------+-----+--------+
         Total |   1496 |   1496 |      0 |   1086 |      1 |   1 | 1496.0 |
       Dungeon |   1496 |   1496 |      0 |   1086 |      1 |   1 | 1496.0 |
               +--------+--------+--------+--------+--------+-----+--------+

Top non-repeatable levels by time:
       D: 1496 daAuts
